 Dungeon Crawl Stone Soup version 0.28-b1-25-g9875b3fc8c (webtiles) character file.

Game seed: 6769707287149678556

223 inmateoo the Insei (level 5, -12/38 HPs)
             Began as a Demonspawn Transmuter on Feb 6, 2022.
             Killed from afar by a hobgoblin (19 damage)
             ... with a bolt of acid
             ... on level 4 of the Dungeon.
             The game lasted 00:06:40 (3284 turns).

inmateoo the Insei (Demonspawn Transmuter)          Turns: 3284, Time: 00:06:40

Health: -12/38     AC:  2    Str: 10    XL:     5   Next: 66%
Magic:  7/9        EV: 12    Int: 17    God:
Gold:   168        SH:  5    Dex: 13    Spells: 3/9 levels left

rFire   . . .      SeeInvis .     - Unarmed
rCold   + . .      Faith    .   (no shield)
rNeg    . . .      Spirit   .   a - +0 robe
rPois   .          Reflect  +   (helmet currently unavailable)
rElec   .          Harm     .   (no cloak)
rCorr   .          Rampage  .   (no gloves)
Will    .....                   (boots currently unavailable)
Stlth   +.........              g - amulet of reflection
HPRegen 0.12/turn               h - ring of protection from cold
MPRegen 0.11/turn               e - +4 ring of protection

@: appendages, corroded
A: horns 2, talons 2, demonic magic 1, weakness stinger 1
a: End Transformation


You were on level 4 of the Dungeon.
You had temporarily grown beastly horns and talons.
You visited 1 branch of the dungeon, and saw 4 of its levels.

You collected 168 gold pieces.

Inventory:

Armour
 a - a +0 robe (worn)
 i - a +0 helmet (melded)
Jewellery
 e - a +4 ring of protection (right hand)
 g - an amulet of reflection (around neck)
 h - a ring of protection from cold (left hand)
Scrolls
 b - a scroll of teleportation
 j - a scroll of brand weapon
Potions
 c - a potion of mutation {unknown}
 d - a potion of might {unknown}


   Skills:
 - Level 2.0 Fighting
 - Level 2.0 Dodging
 + Level 3.4 Unarmed Combat
 + Level 2.9 Spellcasting
 + Level 2.7 Transmutations
 * Level 3.0 Poison Magic


You had 3 spell levels left.
You knew the following spells:

 Your Spells              Type           Power      Damage    Failure   Level
a - Beastly Appendage     Tmut           22%        N/A       6%          1
b - Wereblood             Tmut           11%        N/A       9%          2
c - Sting                 Tmut/Pois      48%        1d5       5%          1
d - Poisonous Vapours     Pois/Air       14%        N/A       14%         2

Your spell library contained the following spells:

 Spells                   Type           Power      Damage    Failure   Level
 Spider Form              Tmut/Pois      12%        N/A       16%         3
 Olgreb's Toxic Radiance  Pois           12%        N/A       45%         4
 Ice Form                 Ice/Tmut       7%         N/A       69%         4


Dungeon Overview and Level Annotations

Branches:
Dungeon (4/15)
 Temple: D:4-7

Altars:
Kikubaaqudgha


Innate Abilities, Weirdness & Mutations

You have temporarily grown beastly horns and talons.
Spells you cast may paralyse adjacent enemies.
You have a small tail.


Message History

The adder skeleton barely misses you.
You closely miss the adder skeleton.
The adder skeleton is heavily damaged.
The adder skeleton bites you but does no damage.
You hit the adder skeleton.
The adder skeleton is almost destroyed.
The adder skeleton closely misses you.
You hit the adder skeleton.
You destroy the adder skeleton!
No target in view!
You start resting.
A hobgoblin is nearby!
The hobgoblin shouts!
You see here 9 gold pieces.
Casting: Sting (safe; 5% risk of failure)
Confirm with . or Enter, or press ? or * to list all spells.
You grow a pair of large bovine horns.
Your feet morph into talons.
Your +0 helmet melds into your body.
Malevolent energies surge around you.
The hobgoblin zaps a wand.
The bolt of acid hits you!!
Ouch! That really hurt!
* * * LOW HITPOINT WARNING * * *
The acid corrodes you!
You aren't carrying any items that you can evoke.
Unknown command.
Okay, then.
The hobgoblin barely misses you.
Casting: Beastly Appendage (safe; 6% risk of failure)
Confirm with . or Enter, or press ? or * to list all spells.
Okay, then.
Casting: Beastly Appendage (safe; 6% risk of failure)
Confirm with . or Enter, or press ? or * to list all spells.
Aiming: Sting (safe; 5% risk of failure)
Press: ? - help, Shift-Dir - straight line, f - hobgoblin
Aim: a hobgoblin, wielding a +0 whip and carrying a wand of acid (11) (71% to hit)
The sting hits the hobgoblin.
The hobgoblin is poisoned.
The hobgoblin is heavily wounded.
Malevolent energies surge around you.
The hobgoblin zaps a wand.
The bolt of acid hits you!!
Ouch! That really hurt!
You die...

# ....
..##.##...
##.####..# ##
#. ....
#....>...### #.
....#
...........#
### .#.##
####).#.##.#
#........#.#
#.........$...#
#.##.##.##..###
.)....#..@#
.....####.#g#
....
###.#.####.?
...
#...........
#......#
#.#.##.#
#.#(.#.# #..
#.##.#.# ..
#.##.#)# # ..


You could see a hobgoblin (poisoned).

Vanquished Creatures
  An ogre (D:4)
  Robin (D:2)
  2 adders
  An adder skeleton (D:4)
  2 worms
  3 dart slugs
  9 orcs
  4 bats
  7 endoplasms
  15 goblins
  10 hobgoblins
  2 jackals (D:3)
  5 kobolds
  2 quokkas
  11 ball pythons
  5 rats
80 creatures vanquished.

Vanquished Creatures (others)
  A fungus (D:1)
  2 plants (D:1)
3 creatures vanquished.

Grand Total: 83 creatures vanquished

Notes
Turn   | Place    | Note
-------+----------+-------------------------------------------
     0 | D:1      | inmateoo the Demonspawn Transmuter began the quest for the
                  | Orb.
     0 | D:1      | Reached XP level 1. HP: 15/15 MP: 3/3
   467 | D:1      | Gained mutation: You have a small tail. [demonic ancestry]
   467 | D:1      | Reached XP level 2. HP: 21/21 MP: 3/5
   526 | D:1      | Learned a level 2 spell: Wereblood
   528 | D:1      | Learned a level 1 spell: Sting
   747 | D:1      | Found a faded altar of an unknown god.
   904 | D:1      | Reached XP level 3. HP: 26/26 MP: 6/6
   958 | D:2      | Reached skill level 1 in Poison Magic
  1858 | D:2      | Noticed Robin
  1890 | D:2      | Killed Robin
  1891 | D:2      | Reached XP level 4. HP: 26/33 MP: 4/7
  2606 | D:3      | Found an ancient bone altar of Kikubaaqudgha.
  2857 | D:4      | Noticed an ogre
  2895 | D:3      | Learned a level 2 spell: Poisonous Vapours
  3042 | D:4      | Killed an ogre
  3043 | D:4      | Gained mutation: Spells you cast may paralyse adjacent
                  | enemies. [demonic ancestry]
  3043 | D:4      | Reached XP level 5. HP: 21/38 MP: 1/9
  3284 | D:4      | Killed from afar by a hobgoblin

Illustrated notes

Levels and vault maps discovered:
D:1:      dpeg_arrival_circle_labyrinth_c, layout_basic,
          dreamdust_ecumenical_altar_hidden_monk_grotto
D:2:      layout_loops_corners, kennysheep_nub, minmay_hexomino_p4, uniq_robin
D:3:      layout_basic, nicolae_overflow_hidden_temple
D:4:      layout_loops_cross

Skill      XL: |  1  2  3  4  5 |
---------------+----------------+-----
Dodging        | 2 |  2.0
Transmutations | 2 |  2.7
Poison Magic   | 1 2 3 |  3.0
Unarmed Combat | 3 |  3.4
Fighting       | 2 |  2.0
Spellcasting   | |  2.9

Action                   |  1- 3 |  4- 6 || total
-------------------------+-------+-------++-------
Melee: Unarmed           |    96 |   107 ||   203
       Kick              |    15 |    10 ||    25
       Headbutt          |     6 |     8 ||    14
       Punch             |     2 |     2 ||     4
       Tailslap          |    10 |    10 ||    20
 Cast: Beastly Appendage |    16 |    13 ||    29
       Sting             |    11 |    11 ||    22
       Wereblood         |     2 |     6 ||     8
       Poisonous Vapours |       |     4 ||     4
  Use: Scroll            |       |     8 ||     8
 Stab: Sleeping          |     3 |       ||     3
       Paralysed         |       |     2 ||     2
Armor: Robe              |    11 |    12 ||    23
Dodge: Dodged            |    56 |    48 ||   104
Block: Other             |     4 |    24 ||    28
       Reflection        |       |     2 ||     2
